 Dungeon Crawl Stone Soup version 0.24-a0-471-g3302cd442e (webtiles) character file.

Game seed: 15682229010198524407

5107 mhoghedin the Destroyer (level 10, 0/115 HPs)
             Began as a White Draconian Fire Elementalist on July 4, 2019.
             Was a Believer of Vehumet.
             Slain by a yak (10 damage)
             ... on level 9 of the Dungeon.
             The game lasted 00:23:24 (10277 turns).

mhoghedin the Destroyer (DrFE)                     Turns: 10277, Time: 00:23:25

Health: 0/115      AC: 25    Str: 11      XL:     10   Next: 32%
Magic:  4/16       EV:  2    Int: 19      God:    Vehumet [**....]
Gold:   306        SH:  0    Dex: 12 (13) Spells: 6/20 levels left

rFire    + + .     SeeInvis .   f - staff of fire {rF+}
rCold    . . .     Gourm    .   (no shield)
rNeg     + + +     Faith    .   (armour unavailable)
rPois    +         Spirit   .   (helmet currently unavailable)
rElec    .         Reflect  .   (cloak currently unavailable)
rCorr    .         Harm     .   (gloves currently unavailable)
MR       .....     NoTele   +   (boots currently unavailable)
Stlth    ++........             (no amulet)
HPRegen  0.29/turn              w - ring of protection from fire {rF+, !d}
MPRegen  0.15/turn              (no ring)

@: tree-form
A: (breathe frost), unfitting armour, agile 1, deterioration 1, low mp 1, AC +7
a: Renounce Religion


You were on level 9 of the Dungeon.
You worshipped Vehumet.
Vehumet was pleased with you.
You were not hungry.
You were a tree.
You visited 2 branches of the dungeon, and saw 9 of its levels.
You also visited: Ossuary.

You collected 306 gold pieces.

Inventory:

Armour
 k - a +2 pair of boots (melded)
   (You found it on level 2 of the Dungeon)
 q - a scarf of spirit shield (melded)
   (You found it on level 6 of the Dungeon)
Magical Staves
 f - an uncursed staff of fire (weapon) {rF+}
   (You found it on level 4 of the Dungeon)
Jewellery
 w - a ring of protection from fire (left branch) {rF+, !d}
   (You found it on level 8 of the Dungeon)
Wands
 o - a wand of clouds (3)
   (You found it on level 6 of the Dungeon)
 p - a wand of random effects (32)
   (You found it on level 5 of the Dungeon)
 r - a wand of paralysis (14)
   (You found it on level 6 of the Dungeon)
 t - a wand of enslavement (8)
   (You found it on level 8 of the Dungeon)
Scrolls
 a - a scroll of magic mapping {unknown}
 g - a scroll of enchant armour
 i - 4 scrolls of remove curse
 m - 2 scrolls of identify
 u - 2 scrolls of teleportation
Potions
 c - a potion of cancellation
 e - a potion of heal wounds
 h - a potion of flight
 j - 2 potions of haste
 l - a potion of berserk rage {!q}
Comestibles
 b - 10 rations


   Skills:
 - Level 3.2 Fighting
 - Level 2.9 Staves
 - Level 3.3 Dodging
 - Level 1.7 Stealth
 + Level 5.6 Spellcasting
 + Level 8.2 Conjurations
 + Level 7.3 Fire Magic
 - Level 5.8 Ice Magic
 - Level 2.9 Evocations


You had 6 spell levels left.
You knew the following spells:

 Your Spells              Type           Power        Failure   Level  Hunger
a - Flame Tongue          Conj/Fire      #####        1%          1    None
b - Freeze                Ice            ####         1%          1    None
c - Conjure Flame         Conj/Fire      ######..     1%          3    ##.....
f - Fireball              Conj/Fire      ######....   13%         5    #####..
s - Sticky Flame          Conj/Fire      ######..     4%          4    ####...

Your spell library contained the following spells:

 Spells                   Type           Power        Failure   Level  Hunger
 Ignite Poison            Fire/Tmut/Pois ###.....     13%         3    ##.....
 Throw Flame              Conj/Fire      ######       1%          2    None
 Inner Flame              Hex/Fire       ####....     8%          3    ##.....


Dungeon Overview and Level Annotations

Branches:
Dungeon (9/15)             Temple (1/1) D:6
   Lair: D:8-11         Orc: D:9-12

Altars:
Ashenzari
Gozag
Hepliaklqana
Okawaru
Qazlal
Trog
Vehumet
Yredelemnul
Zin
The Shining One

Shops:
D:5 ?


Innate Abilities, Weirdness & Mutations

((You can breathe waves of freezing cold.))
((You can buffet flying creatures when you breathe cold.))
((Your icy white scales are hard. (AC +7)))
You cannot fit into any form of body armour.
((Your flesh is cold resistant. (rC+)))
((You are cold-blooded and may be slowed by cold attacks.))
You are agile. (Dex +2)
Your body sometimes deteriorates upon taking damage.
Your magical capacity is low. (-10% MP)


Message History

The yak burns!
The yak misses you.
You hit the yak. You burn the yak!
The yak burns!
The yak gores you!
You take 10 damage, and have 54/77 hp.
You now have 4/16 mp.
You hit the yak. You burn the yak!
The yak burns!
You barely miss the yak.
The yak burns!
You kill the yak!
Vehumet accepts your kill.
Your Conjurations skill increases to level 8!
The yak barely misses you.
You hit the yak. You burn the yak! The yak gores you but does no damage.
You hit the yak but do no damage.
You tail-slap the yak, but do no damage.
The yak gores you but does no damage.
You hit the yak.
You kill the yak!
Vehumet accepts your kill. The yak gores you but does no damage.
You hit the yak. The yak misses you.
You barely miss the yak. The yak gores you but does no damage.
You hit the yak but do no damage. You burn the yak! The yak misses you.
Okay, then.
Unknown command.
Unknown command.
You hit the yak but do no damage. You burn the yak! The yak closely misses you.
You closely miss the yak. The yak gores you but does no damage.
You hit the yak. The yak gores you.
You take 4 damage, and have 52/77 hp.
You now have 5/16 mp.
You hit the yak. You burn the yak! The yak gores you but does no damage.
You hit the yak. The yak gores you!
Your body deteriorates!
You feel clumsy.
You take 11 damage, and have 42/77 hp.
You now have 4/16 mp.
Unknown command.
Aim: a yak (heavily wounded)
You feel a surge of power!
The sticky flame hits the yak.
The yak is covered in liquid flames!
The yak burns!
The yak barely misses you.
You now have 0/16 mp.
You hit the yak but do no damage.
The yak burns!
The yak gores you!
You take 8 damage, and have 34/77 hp.
You hit the yak but do no damage. You burn the yak!
The yak burns!
The yak gores you.
You take 2 damage, and have 32/77 hp.
You hit the yak.
The yak burns!
You kill the yak!
Vehumet accepts your kill.
You barely miss the yak. The yak gores you!
* * * LOW HITPOINT WARNING * * *
The yak misses you.
You take 11 damage, and have 22/77 hp.
Unknown command.
Really quaff
n - a potion of lignification {!q}?
Really quaff the potion of lignification?
You turn into a tree.
Your scarf of spirit shield melds into your body.
Your +2 pair of boots melds into your body.
You feel strangely alone.
Your roots penetrate the ground.
The yak gores you but does no damage.
You now have 33/115 hp.
You barely miss the yak. The yak gores you but does no damage.
You hit the yak. You burn the yak! The yak gores you but does no damage.
You hit the yak. The yak gores you but does no damage.
You hit the yak. You burn the yak! The yak gores you but does no damage.
You hit the yak. You burn the yak! The yak gores you!
* * * LOW HITPOINT WARNING * * *
You hit the yak. The yak gores you.
* * * LOW HITPOINT WARNING * * *
You hit the yak. The yak gores you but does no damage.
You hit the yak but do no damage. The yak barely misses you.
You take 13 damage, and have 22/115 hp.
You hit the yak.
You kill the yak!
Vehumet accepts your kill.
Vehumet offers you knowledge of Ignite Poison.
You feel your power returning.
You barely miss the yak. The yak barely misses you.
You hit the yak. You burn the yak! The yak gores you.
* * * LOW HITPOINT WARNING * * *
You take 3 damage, and have 19/115 hp.
You hit the yak but do no damage. The yak gores you.
* * * LOW HITPOINT WARNING * * *
You take 5 damage, and have 14/115 hp.
You hit the yak. The yak gores you but does no damage.
You completely miss the yak. The yak gores you but does no damage.
You hit the yak but do no damage. You burn the yak! The yak gores you.
* * * LOW HITPOINT WARNING * * *
You take 1 damage, and have 14/115 hp.
You hit the yak but do no damage.
The yak gores you but does no damage. x2
You hit the yak but do no damage. The yak completely misses you.
You hit the yak but do no damage. You burn the yak!
The yak gores you but does no damage.
You hit the yak. The yak gores you but does no damage.
You hit the yak but do no damage. The yak gores you.
* * * LOW HITPOINT WARNING * * *
You take 6 damage, and have 9/115 hp.
Aim: a yak (severely wounded)
You feel a surge of power!
The flame tongue misses the yak.
The yak gores you but does no damage.
Aim: a yak (severely wounded)
You feel a surge of power!
The flame tongue hits the yak!
The yak gores you!
You die...

####################
..............†Y♣..#
)..............###.#
...............# #.#
...............###.#
.........###.......#
.........###.......#
.######............#
.# #............# ##
###'###......#


You could see a yak.

Vanquished Creatures
  Pikel (D:4)
  Grinder (D:4)
  9 yaks (D:9)
  A steam dragon (D:5)
  Menkaure (D:6)
  Edmund (D:5)
  3 sky beasts
  4 slaves
  A black bear (D:4)
  An ice beast (D:6)
  An ogre (D:4)
  2 phantoms
  A necrophage (D:6)
  Blork the orc (D:4)
  An elf zombie (Ossuary)
  A bullfrog (D:8)
  A scorpion (D:4)
  4 killer bees (D:9)
  5 wights (D:6)
  2 howler monkeys
  2 crimson imps
  A bullfrog zombie (D:5)
  2 centaur zombies (Ossuary)
  3 jellies
  2 centaur skeletons
  3 hounds
  3 orc priests
  Crazy Yiuf (D:4)
  2 iguanas
  5 orc wizards
  4 worker ants
  2 killer bee zombies
  A big kobold zombie (Ossuary)
  3 hound zombies (Ossuary)
  4 mummies
  7 gnolls
  A howler monkey skeleton (D:8)
  6 adders
  3 shadow imps
  A white imp (D:8)
  2 oozes
  An adder zombie (Ossuary)
  A worm (D:2)
  7 dart slugs
  8 leopard geckos
  19 orcs
  2 ball pythons (D:1)
  5 bats
  5 giant cockroaches
  5 goblins
  6 hobgoblins
  10 jackals
  A quokka (D:5)
  5 frilled lizards
  A gnoll zombie (Ossuary)
  A goblin skeleton (D:8)
  6 goblin zombies
  10 hobgoblin zombies
  A jackal skeleton (D:5)
  2 jackal zombies (Ossuary)
  3 kobolds
  A kobold skeleton (D:8)
  7 kobold zombies
  A leopard gecko skeleton (D:2)
  2 orc skeletons (D:8)
  4 orc zombies
  A quokka skeleton (D:6)
  3 quokka zombies (Ossuary)
  6 rats
  3 rat zombies (Ossuary)
227 creatures vanquished.

Notes
Turn   | Place    | Note
-------+----------+-------------------------------------------
     0 | D:1      | mhoghedin the Draconian Fire Elementalist began the quest
                  | for the Orb.
     0 | D:1      | Reached XP level 1. HP: 14/14 MP: 3/3
    71 | D:1      | Reached XP level 2. HP: 20/20 MP: 0/5
   714 | D:1      | Reached XP level 3. HP: 26/26 MP: 1/6
   834 | D:1      | Learned a level 2 spell: Throw Flame
   944 | D:2      | Reached skill level 2 in Conjurations
  1077 | D:2      | Reached XP level 4. HP: 33/33 MP: 8/8
  1087 | D:2      | Learned a level 3 spell: Conjure Flame
  1249 | D:2      | Reached skill level 3 in Spellcasting
  1942 | D:2      | Reached skill level 4 in Fire Magic
  2068 | D:2      | Found a bloodstained altar of Trog.
  2638 | D:3      | Reached XP level 5. HP: 38/38 MP: 4/9
  2864 | D:3      | Gained mutation: Your body sometimes deteriorates upon
                  | taking damage. [potion of mutation]
  2864 | D:3      | Gained mutation: Your magical capacity is low. (-10% MP)
                  | [potion of mutation]
  2864 | D:3      | Gained mutation: You are agile. (Dex +2) [potion of
                  | mutation]
  2971 | D:4      | Found a stormy altar of Qazlal.
  2971 | D:4      | Noticed an air elemental
  3002 | D:4      | Noticed Blork the orc
  3009 | D:3      | Reached skill level 3 in Conjurations
  3107 | D:3      | HP: 9/38 [something/magic dart (6)]
  3183 | D:3      | Learned a level 4 spell: Sticky Flame
  3511 | D:4      | Noticed a fire elemental
  3511 | D:4      | Noticed a water elemental
  3511 | D:4      | Killed Blork the orc
  3511 | D:4      | Reached XP level 6. HP: 28/45 MP: 2/10
  3669 | D:4      | Noticed Grinder
  3681 | D:4      | Killed Grinder
  3681 | D:4      | Reached skill level 4 in Spellcasting
  3681 | D:4      | Reached skill level 4 in Conjurations
  3681 | D:4      | Reached skill level 5 in Fire Magic
  3700 | D:4      | HP: 11/45 [poisoned by a scorpion]
  3708 | D:4      | HP: 10/45 [poisoned by a scorpion]
  3716 | D:4      | HP: 10/45 [poisoned by a scorpion]
  3716 | D:4      | Your scales start taking on an icy white colour.
  3716 | D:4      | Reduced skill Fire Magic to level 4
  3716 | D:4      | Reached XP level 7. HP: 11/50 MP: 0/12
  3716 | D:4      | Gained mutation: Your flesh is cold resistant. (rC+) [White
                  | Draconian growth]
  4063 | D:4      | Noticed Pikel
  4438 | D:4      | Reached skill level 5 in Conjurations
  4470 | D:4      | Reached skill level 5 in Fire Magic
  4689 | D:4      | Killed Pikel
  4689 | D:4      | Reached skill level 6 in Conjurations
  4689 | D:4      | Reached XP level 8. HP: 31/57 MP: 0/13
  4857 | D:4      | Found a glowing silver altar of Zin.
  4962 | D:4      | Found a hazy altar of Hepliaklqana.
  5028 | D:4      | Found a runed translucent door.
  5029 | D:4      | Noticed Crazy Yiuf
  5036 | D:4      | Killed Crazy Yiuf
  5093 | D:5      | Entered Level 5 of the Dungeon
  5152 | D:5      | Reached skill level 6 in Fire Magic
  5286 | D:5      | Found an iron altar of Okawaru.
  5306 | D:5      | Reached skill level 2 in Dodging
  5322 | D:5      | Found a shattered altar of Ashenzari.
  5626 | D:5      | Found a sand-covered staircase.
  5631 | D:5      | Reached skill level 1 in Fighting
  5637 | Ossuary  | Entered an ossuary
  5789 | Ossuary  | Reached skill level 1 in Evocations
  5808 | Ossuary  | Reached skill level 1 in Staves
  6239 | Ossuary  | Reached skill level 2 in Fighting
  6414 | D:5      | Reached skill level 2 in Evocations
  6471 | D:5      | Found Xudu Fuiqoha's Magic Scroll Shop.
  6622 | D:5      | Reached skill level 2 in Staves
  6650 | D:5      | Reached skill level 3 in Dodging
  6948 | D:5      | Noticed Edmund
  7023 | D:5      | Reached XP level 9. HP: 64/68 MP: 8/13
  7060 | D:5      | Killed Edmund
  7060 | D:5      | Reached skill level 3 in Fighting
  7191 | D:5      | Found a glowing golden altar of the Shining One.
  7195 | D:5      | Found an opulent altar of Gozag.
  7513 | D:5      | Learned a level 5 spell: Fireball
  7632 | D:6      | Found a staircase to the Ecumenical Temple.
  7641 | Temple   | Entered the Ecumenical Temple
  7677 | Temple   | Became a worshipper of Vehumet
  8054 | D:6      | Reached skill level 7 in Conjurations
  8311 | D:6      | Reached skill level 5 in Spellcasting
  8357 | D:6      | Reached * piety under Vehumet
  8357 | D:6      | Offered knowledge of Freeze by Vehumet.
  8483 | D:6      | Learned a level 1 spell: Freeze
  8660 | D:6      | Noticed Menkaure
  8665 | D:6      | Killed Menkaure
  8665 | D:6      | Reached skill level 2 in Ice Magic
  8856 | D:6      | You fall into a shaft and drop 2 floors!
  8884 | D:8      | Reached skill level 3 in Ice Magic
  9036 | D:8      | Reached skill level 4 in Ice Magic
  9291 | D:8      | Found a glowing golden altar of the Shining One.
  9301 | D:8      | Offered knowledge of Searing Ray by Vehumet.
  9303 | D:8      | Reached ** piety under Vehumet
  9455 | D:8      | Reached skill level 5 in Ice Magic
  9964 | D:9      | Reached XP level 10. HP: 54/77 MP: 12/16
 10135 | D:9      | Reached skill level 7 in Fire Magic
 10238 | D:9      | Reached skill level 8 in Conjurations
 10260 | D:9      | HP: 26/115 [yak (9)]
 10264 | D:9      | Offered knowledge of Ignite Poison by Vehumet.
 10266 | D:9      | HP: 19/115 [yak (4)]
 10275 | D:9      | HP: 9/115 [yak (6)]
 10277 | D:9      | Slain by a yak

Levels and vault maps discovered:
D:1:      dpeg_arrival_rooms_c, layout_basic, kennysheep_flooded_box
D:2:      layout_basic, lemuel_coloured_pillars_altar
D:3:      layout_loops_ring, nicolae_overflow_hidden_temple, first_ration
D:4:      layout_rooms, lemuel_doored_altar, marbit_many_paths,
          nicolae_qazlal_style_of_elements, uniq_pikel, uniq_blork_the_orc,
          uniq_grinder, uniq_crazy_yiuf_cottage
D:5:      layout_layer_cave, kennysheep_mini, minitemple, lemuel_crystal_altar,
          gup_ossuary_entry_pyramid, serial_shops, kennysheep_mini_moat,
          minmay_misc_feat_hallway, kennysheep_cross_bottleneck,
          grunt_decor_fettered, serial_bayou_lagoon_a, uniq_edmund
D:6:      layout_loops_corners, lemuel_temple_firewalk_b,
          biasface_ghost_orc_armoury, uniq_menkaure
D:8:      layout_loops_ring, nicolae_tso_besieged_by_evil
D:9:      layout_stronghold, old_standard_altar, minmay_orc_entry_temple_small
Temple:   minmay_temple_curvy_loop

Skill      XL: |  1  2  3  4  5  6  7  8  9 10 |
---------------+-------------------------------+-----
Conjurations   | 2 3 4 6 7 8 |  8.2
Spellcasting   | 3 4 5 |  5.6
Fire Magic     | 4 4 5 6 7 |  7.3
Dodging        | 3 |  3.3
Fighting       | 2 3 |  3.2
Evocations     | 2 |  2.9
Staves         | 2 |  2.9
Ice Magic      | 5 |  5.8
Stealth        | |  1.7

Action                   |  1- 3 |  4- 6 |  7- 9 | 10-12 || total
-------------------------+-------+-------+-------+-------++-------
Melee: Short sword       |    16 |    33 |       |       ||    49
       Unarmed           |     3 |       |       |       ||     3
       Tailslap          |     3 |     3 |    23 |     1 ||    30
       Staff             |       |     2 |   260 |    39 ||   301
 Cast: Flame Tongue      |    35 |   100 |   229 |    13 ||   377
       Throw Flame       |     2 |       |       |       ||     2
       Sticky Flame      |       |     4 |    26 |     4 ||    34
       Conjure Flame     |       |       |     8 |       ||     8
       Freeze            |       |       |     1 |       ||     1
       Fireball          |       |       |       |     3 ||     3
 Abil: Breathe Frost     |       |       |     5 |       ||     5
Evoke: Wand              |       |       |     1 |       ||     1
  Use: Scroll            |       |     9 |    10 |       ||    19
       Potion            |       |     7 |     1 |     2 ||    10
 Stab: Sleeping          |     1 |       |       |       ||     1
  Eat: Chunk             |     1 |     7 |     9 |       ||    17
       Ration            |       |     1 |     5 |     1 ||     7
Armor: Skin              |     8 |    30 |   148 |    23 ||   209
Dodge: Dodged            |    23 |    49 |   274 |    15 ||   361

Table legend:
 A = Non-vault XP
 B = Vault XP
 C = Vault XP percentage of total XP
 D = Non-vault monster count
 E = Vault monster count
 F = Vault count percentage of total count
                 A         B        C        D         E       F
            +---------+---------+-------+---------+---------+-------
      Total |    5467 |    1829 |  25.1 |     163 |      60 |  26.9
            +---------+---------+-------+---------+---------+-------
        D:1 |      49 |       0 |   0.0 |      19 |       0 |   0.0
        D:2 |     123 |       0 |   0.0 |      28 |       0 |   0.0
        D:3 |     111 |       0 |   0.0 |      17 |       0 |   0.0
        D:4 |     490 |    1087 |  68.9 |      13 |       5 |  27.8
        D:5 |     728 |     175 |  19.4 |      15 |       2 |  11.8
        D:6 |     891 |     183 |  17.0 |      27 |       1 |   3.6
        D:8 |     737 |      23 |   3.0 |      25 |      14 |  35.9
        D:9 |    2338 |       0 |   0.0 |      19 |       0 |   0.0
    Ossuary |       0 |     361 | 100.0 |       0 |      38 | 100.0
            +---------+---------+-------+---------+---------+-------

Levels and vault maps discovered:
D:1:      dpeg_arrival_rooms_c, layout_basic, kennysheep_flooded_box
D:2:      layout_basic, lemuel_coloured_pillars_altar
D:3:      layout_loops_ring, nicolae_overflow_hidden_temple, first_ration
D:4:      layout_rooms, lemuel_doored_altar, marbit_many_paths,
          nicolae_qazlal_style_of_elements, uniq_pikel, uniq_blork_the_orc,
          uniq_grinder, uniq_crazy_yiuf_cottage
D:5:      layout_layer_cave, kennysheep_mini, minitemple, lemuel_crystal_altar,
          gup_ossuary_entry_pyramid, serial_shops, kennysheep_mini_moat,
          minmay_misc_feat_hallway, kennysheep_cross_bottleneck,
          grunt_decor_fettered, serial_bayou_lagoon_a, uniq_edmund
D:6:      layout_loops_corners, lemuel_temple_firewalk_b,
          biasface_ghost_orc_armoury, uniq_menkaure
D:8:      layout_loops_ring, nicolae_tso_besieged_by_evil
D:9:      layout_stronghold, old_standard_altar, minmay_orc_entry_temple_small
Temple:   minmay_temple_curvy_loop

Table legend:
 A = Turns spent in this place as a percentage of turns spent in the entire game.
 B = Non-inter-level travel turns spent in this place as a percentage of non-inter-level travel turns spent in the entire game.
 C = Inter-level travel turns spent in this place as a percentage of turns spent in this place.
 D = Turns resting spent in this place as a percentage of non-inter-level travel turns spent in this place.
 E = Turns spent auto-exploring this place as a percentage of non-inter-level travel turns spent in this place.
 F = Non-inter-level travel turns spent in this place divided by the number of levels of this place that you've seen.
                   A       B       C       D       E      F
               +-------+-------+-------+-------+-------+----------------------
         Total | 100.0 | 100.0 |   2.0 |  34.9 |  42.6 | 1007.1
       Dungeon |  92.4 |  92.4 |   2.1 |  33.4 |  44.6 | 1162.6
        Temple |   0.5 |   0.4 |  22.9 |   0.0 |  64.9 |  37.0
       Ossuary |   7.1 |   7.3 |   0.0 |  54.7 |  16.8 | 733.0
               +-------+-------+-------+-------+-------+----------------------

Table legend:
 A = Kills in this place as a percentage of kills in entire the game.
 B = Kills by you in this place as a percentage of kills by you in the entire game.
 C = Kills by friends in this place as a percentage of kills by friends in the entire game.
 D = Other kills in this place as a percentage of other kills in the entire game.
 E = Experience gained in this place as a percentage of experience gained in the entire game.
 F = Experience gained in this place divided by the number of levels of this place that you have seen.
                   A       B       C       D       E      F
               +-------+-------+-------+-------+-------+----------------------
         Total | 100.0 | 100.0 |   N/A |   N/A | 100.0 | 729.6
       Dungeon |  83.0 |  83.0 |   N/A |   N/A |  95.1 | 866.9
       Ossuary |  17.0 |  17.0 |   N/A |   N/A |   4.9 | 361.0
               +-------+-------+-------+-------+-------+----------------------
